Match 47538108
Unlisted

Match 47538108
End
Construct Section Command Post
Vickers Machine Gun Team
Infantry Section
Selects Heavy Armor Battlegroup
Infantry Section
Infantry Section
Selects Light Vehicle Withdraw and Refit
Construct Platoon Command Post
Selects Radio Net
Unlock Bishop Self-propelled Artillery
Infantry Section
6-pounder Anti-tank Gun Team
Bishop Self-propelled Artillery
Construct Field Infirmary
Bishop Self-propelled Artillery
Radio Net
6-pounder Anti-tank Gun Team
Smartie
DoDonPachi
Dejw1d
Matraka
Zoikum
Steil
Katunar
-=Thrawn=-
0
0

Comments sign in to comment!

No comments posted yet!